 Dungeon Crawl Stone Soup version 0.24.0-2-g5b39cebb1c (webtiles) character file.

Game seed: 14619088661175948482, levelgen mode: deterministic

273 Aviak the Chopper (level 6, -2/56 HPs)
             Began as a Hill Orc Monk on Oct 29, 2019.
             Was a Believer of Qazlal.
             Slain by Edmund
             ... wielding a +6 dire flail of protection
              (14 damage)
             ... on level 4 of the Dungeon.
             The game lasted 00:05:23 (4663 turns).

Aviak the Chopper (Hill Orc Monk)                   Turns: 4663, Time: 00:05:23

Health: -2/56      AC:  5    Str: 15 (16) XL:     6   Next: 24%
Magic:  6/6        EV: 12    Int: 11 (12) God:    Qazlal [**....]
Gold:   240        SH:  2    Dex: 13      Spells: 5/5 levels left

rFire    . . .     SeeInvis .   t - +0 battleaxe
rCold    . . .     Gourm    .   (shield currently unavailable)
rNeg     . . .     Faith    .   f - +0 ring mail
rPois    .         Spirit   .   (no helmet)
rElec    .         Reflect  .   (no cloak)
rCorr    .         Harm     .   (no gloves)
MR       .....                  (no boots)
Stlth    +.........             (no amulet)
HPRegen  0.18/turn              d - +2 ring of intelligence
MPRegen  0.10/turn              (no ring)

@: no status effects
A: no striking features
a: Upheaval, Renounce Religion


You were on level 4 of the Dungeon.
You worshipped Qazlal.
Qazlal was pleased with you.
You were not hungry.

You visited 2 branches of the dungeon, and saw 5 of its levels.

You collected 240 gold pieces.

Inventory:

Hand Weapons
 a - a +1 hand axe
 t - a +0 battleaxe (weapon)
Armour
 b - a +0 robe
 f - a +0 ring mail (worn)
Jewellery
 d - a +2 ring of intelligence (left hand)
 l - a +4 ring of intelligence
 v - a +4 ring of intelligence
Scrolls
 g - 3 scrolls of enchant weapon
 j - a scroll of fear
 k - a scroll of random uselessness
 m - 2 scrolls of teleportation {unknown}
 n - a scroll of blinking {unknown}
 o - 2 scrolls of amnesia {unknown}
 r - 5 scrolls of remove curse
 s - 2 scrolls of noise {unknown}
Potions
 e - a potion of brilliance
 h - a potion of heal wounds
 i - a potion of berserk rage {unknown}
 p - 2 potions of degeneration {!q!q}
 q - a potion of agility
 u - a potion of might
Comestibles
 c - 8 rations


   Skills:
 + Level 5.3 Fighting
 + Level 5.8 Axes
 + Level 2.9 Armour
 - Level 3.0 Dodging
 - Level 2.0 Stealth


You had 5 spell levels left.
You didn't know any spells.
Your spell library was empty.

Dungeon Overview and Level Annotations

Branches:
Dungeon (4/15)             Temple (1/1) D:4

Altars:
Ashenzari
Dithmenos
Elyvilon
Fedhas
Gozag
Hepliaklqana
Kikubaaqudgha
Makhleb
Okawaru
Qazlal
Ru
Sif Muna
Trog
Uskayaw
Vehumet
Wu Jian
Xom
Yredelemnul
Zin
The Shining One

Annotations:
D:3 2 transporters
D:4 Edmund


Message History

Edmund hits you with a +6 dire flail of protection!
Your ring mail prevents you from hitting Edmund.
Edmund is heavily wounded.
Edmund barely misses you.
Edmund hits you with a +6 dire flail of protection!
You slash Edmund!
Edmund is severely wounded.
Edmund misses you.
Your ring mail prevents you from hitting Edmund.
Edmund is severely wounded.
Edmund barely misses you.
You hit Edmund but do no damage.
Edmund is severely wounded.
Edmund hits you with a +6 dire flail of protection!
You slash Edmund!
Edmund is almost dead.
Edmund hits you with a +6 dire flail of protection!
* * * LOW HITPOINT WARNING * * *
Edmund hits you with a +6 dire flail of protection!
You die...

#<# #.# #.# #.# #.# #####
#.#
(...############.###########
.....†....................>#
###.############@#######.#.#
#.# .......@..# ##'#+####
#.# ..........# #.......#
#.# ..........# #.......#
#.# ########.## #)......#
#.# #.#######.#.#### #.#
#.#.........# ###.###
#.#.#####.######## ......#
#.#.# #.........


You could see Edmund.

Vanquished Creatures
  A gnoll shaman (D:2)
  An iguana (D:4)
  A worker ant (D:4)
  Robin (D:4)
  8 gnolls
  A howler monkey skeleton (D:4)
  2 adders (D:2)
  A worm (D:2)
  A dart slug (D:4)
  A leopard gecko (D:3)
  An orc (D:2)
  2 giant cockroaches
  12 goblins
  7 hobgoblins
  12 jackals
  A ball python (D:2)
  7 bats
  5 frilled lizards
  4 kobolds
  7 rats
76 creatures vanquished.

Notes
Turn   | Place    | Note
-------+----------+-------------------------------------------
     0 | D:1      | Aviak the Hill Orc Monk began the quest for the Orb.
     0 | D:1      | Reached XP level 1. HP: 19/19 MP: 1/1
   166 | D:1      | Reached XP level 2. HP: 27/27 MP: 2/2
   676 | D:1      | Reached XP level 3. HP: 27/33 MP: 3/3
  1382 | D:2      | Reached XP level 4. HP: 40/40 MP: 4/4
  1742 | D:2      | Reached skill level 1 in Armour
  1789 | D:2      | Reached skill level 5 in Axes
  1827 | D:2      | Reached XP level 5. HP: 14/47 MP: 5/5
  2366 | D:2      | Found a glowing golden altar of the Shining One.
  2807 | D:3      | Found a transporter.
  2820 | D:3      | Found a transporter.
  3148 | D:4      | Reached skill level 5 in Fighting
  3229 | D:4      | Noticed Robin
  3244 | D:4      | Killed Robin
  3266 | D:4      | Found an ornate altar of the Wu Jian Council.
  3302 | D:4      | Reached XP level 6. HP: 35/56 MP: 6/6
  3518 | D:4      | Noticed a phantom
  4048 | D:4      | Found a staircase to the Ecumenical Temple.
  4237 | Temple   | Entered the Ecumenical Temple
  4480 | Temple   | Became a worshipper of Qazlal Stormbringer
  4480 | Temple   | Reached * piety under Qazlal
  4480 | Temple   | Reached ** piety under Qazlal
  4651 | D:4      | Noticed Edmund
  4663 | D:4      | Slain by Edmund

Levels and vault maps discovered:
D:1:      lemuel_arrival_funnel, layout_basic
D:2:      layout_basic, tso_altar
D:3:      gammafunk_steamed_eel, layout_basic, first_ration, dk_noncrumbling_2
D:4:      layout_basic, kennysheep_little_box, minmay_temple_entry_trees,
          uniq_edmund, uniq_robin
Temple:   dpeg_five_rooms_temple

Skill      XL: |  1  2  3  4  5 |
---------------+----------------+-----
Fighting       | 4 5 |  5.3
Stealth        | 2 |  2.0
Armour         | 1 2 |  2.9
Dodging        | 3 |  3.0
Axes           | 5 |  5.8

Action                   |  1- 3 |  4- 6 || total
-------------------------+-------+-------++-------
Melee: Hand axe          |   132 |   208 ||   340
       Battleaxe         |       |     8 ||     8
  Use: Potion            |       |     4 ||     4
       Scroll            |       |     6 ||     6
 Stab: Sleeping          |     2 |       ||     2
  Eat: Ration            |       |     2 ||     2
       Chunk             |       |     5 ||     5
Armor: Robe              |     3 |       ||     3
       Ring mail         |    59 |    51 ||   110
Dodge: Dodged            |    98 |   115 ||   213
